 Dungeon Crawl Stone Soup version 0.17.1-2-g5865329 (webtiles) character file.

10290 ASUHDUDE the Cleaver (level 11, -7/102 HPs)
             Began as a Minotaur Berserker on May 16, 2016.
             Was a High Priest of Trog.
             Hit by a large rock thrown by a cyclops (9 damage)
             ... on level 12 of the Dungeon on May 17, 2016.
             The game lasted 00:43:24 (8455 turns).

ASUHDUDE the Cleaver (Minotaur Berserker)           Turns: 8455, Time: 00:43:24

Health: -7/102     AC: 15    Str: 25    XL:     11   Next: 34%
Magic:  10/10      EV: 12    Int:  5    God:    Trog [*****.]
Gold:   486        SH:  0    Dex: 12    Spells: 0 memorised, 10 levels left

rFire  . . .     SeeInvis .     p - +7 executioner's axe of the Middle {flame, rN+}
rCold  . . .     Clarity  .     l - +0 chain mail
rNeg   + . .     SustAt   .     (shield currently unavailable)
rPois  .         Gourm    .     (helmet restricted)
rElec  .         Spirit   .     (no cloak)
rCorr  .         Warding  .     m - +2 pair of gloves {Str+3}
rMut   .         Stasis   .     (no boots)
MR     +....                    (no amulet)
Stlth  ..........               (no ring)
                                y - ring of protection from magic

@: somewhat resistant to hostile enchantments, extremely unstealthy
A: retaliatory headbutt, horns 2
a: Berserk, Trog's Hand, Brothers in Arms, Burn Spellbooks, Renounce Religion


You were on level 12 of the Dungeon.
You worshipped Trog.
Trog was extremely pleased with you.
You were full.

You visited 1 branch of the dungeon, and saw 12 of its levels.

You collected 647 gold pieces.
You spent 161 gold pieces at shops.

Inventory:

Hand Weapons
 a - a +0 falchion
 d - a +4 vampiric war axe
 p - the +7 executioner's axe of the Middle (weapon) {flame, rN+}
   (Trog gifted it to you on level 11 of the Dungeon)

   It has been specially enchanted to burn those struck by it, causing extra
   injury to most foes and up to half again as much damage against particularly
   susceptible opponents.
   Big, fiery blades are also staple armaments of hydra-hunters.
   It protects you from negative energy.
 I - the +1 dagger "Wisol" {drain, rPois Int+7 Dex+5, unknown}
   (You found it on level 9 of the Dungeon)

   A truly terrible weapon, it drains the life of those it strikes.
   It affects your intelligence (+7).
   It affects your dexterity (+5).
   It protects you from poison.
Armour
 b - a +0 animal skin
 l - a +0 chain mail (worn)
 m - a +2 pair of gloves of strength (worn)
 r - a +0 pair of boots
 u - the +0 robe of Trog's Supremacy {rPois Regen+ rCorr Int+2, unknown}
   (You found it on level 8 of the Dungeon)

   It affects your intelligence (+2).
   It protects you from poison.
   It increases your rate of regeneration.
   It protects you from acid and corrosion.
 M - a +0 scale mail of magic resistance
Jewellery
 y - a ring of protection from magic (left hand)
Wands
 j - a wand of random effects (48)
 A - a wand of paralysis (10)
 C - a wand of magic darts (30)
 D - a wand of lightning (9)
Scrolls
 k - 8 scrolls of remove curse
 s - a scroll of teleportation
Potions
 e - 3 potions of ambrosia {unknown}
 f - a potion of resistance
 g - 2 potions of magic {unknown}
 h - 4 potions of curing
 o - 3 potions of heal wounds {unknown}
 q - a potion of might
 t - a potion of agility {unknown}
 x - a potion of flight {unknown}
 z - 2 potions of mutation
 F - a potion of degeneration {unknown}
 G - 2 potions of berserk rage {unknown}
 H - a potion of brilliance {unknown}
Books
 v - a book of the Warp

   Spells                             Type                      Level
   a - Recall                         Summoning/Translocation      3
   b - Gell's Gravitas                Hexes/Translocation          3
   c - Force Lance                    Conjuration/Translocation    4
   d - Phase Shift                    Translocation                5
   e - Warp Weapon                    Charms/Translocation         5
   f - Summon Forest                  Summoning/Translocation      5
   Trog disapproves of the use of such an item.
 w - a book of Cantrips

   Spells                             Type                      Level
   a - Corona                         Hexes                        1
   b - Animate Skeleton               Necromancy                   1
   c - Summon Small Mammal            Summoning                    1
   d - Apportation                    Translocation                1
   Trog disapproves of the use of such an item.
 J - a book of Death

   Spells                             Type                      Level
   a - Corpse Rot                     Necromancy                   2
   b - Sublimation of Blood           Necromancy                   2
   c - Agony                          Necromancy                   5
   d - Dispel Undead                  Necromancy                   5
   e - Excruciating Wounds            Charms/Necromancy            5
   f - Bolt of Draining               Conjuration/Necromancy       5
   Trog disapproves of the use of such an item.
Comestibles
 c - 2 bread rations
 i - 5 meat rations
 B - 13 fruits
 E - a beef jerky
 L - 3 royal jellies


   Skills:
 + Level 11.0 Fighting
 + Level 5.5 Long Blades
 + Level 11.6 Axes
 + Level 10.4 Armour
 + Level 8.7 Dodging
 + Level 1.7 Stealth


You had 10 spell levels left.
You didn't know any spells.

Dungeon Overview and Level Annotations

Branches:
Dungeon (12/15)            Temple (0/1) D:6            Lair (0/8) D:9
    Orc (0/4) D:10

Altars:
Dithmenos
Ru
Trog
Vehumet
Xom
Yredelemnul
Zin

Shops:
D:5 =   D:11 !


Innate Abilities, Weirdness & Mutations

You reflexively headbutt those who attack you in melee.
You have a pair of horns on your head.


Message History

You climb downwards.
A cyclops comes into view.
The cyclops shouts!
Found a scroll labeled QIPOUN GIOJUCUMO and a shiny buckler.
Found a stone staircase leading up.
There is a stone staircase leading up here.
The cyclops throws a large rock.
The large rock barely misses you. The cyclops hits you! The cyclops hits you!
The cyclops throws a large rock.
The large rock hits you!!
You see here a large rock.
You slash the cyclops! You burn the cyclops.
The cyclops is moderately wounded.
The cyclops hits you!! The cyclops closely misses you.
The cyclops throws a large rock.
The large rock hits you!!
* * * LOW HITPOINT WARNING * * *
You see here 2 large rocks.
The cyclops throws a large rock.
The large rock hits you!
You die...

#############
#....(.....?#
#....<...@.(#
#...........#
+.........C.#
#...[.<.....#
#...........#
####+########


You could see a cyclops.

Vanquished Creatures
  An ogre mage (D:10)
  Nergalle (D:11)
  A hill giant (D:11)
  2 cyclopes
  Maurice (D:9)
  A centaur skeleton (D:10)
  2 trolls
  4 two-headed ogres (D:10)
  A wyvern (D:10)
  A water moccasin (D:10)
  Duvessa (D:4)
  A wasp (D:8)
  6 ice beasts
  3 sky beasts
  4 orc warriors
  4 phantoms
  10 centaurs
  9 ogres
  A necrophage (D:6)
  A crocodile (D:9)
  2 big kobolds
  A gnoll sergeant (D:10)
  3 giant frogs
  Dowan (D:4)
  A water moccasin zombie (D:11)
  A water moccasin skeleton (D:10)
  3 scorpions
  3 killer bees (D:10)
  4 crimson imps
  A jelly (D:5)
  2 orc priests
  Crazy Yiuf (D:5)
  12 hounds
  2 giant frog skeletons (D:11)
  Jessica (D:3)
  2 iguanas (D:11)
  2 orc wizards
  2 sheep (D:11)
  9 worker ants
  A hound zombie (D:9)
  2 worker ant zombies
  17 adders
  14 gnolls
  5 shadow imps
  4 river rats (D:7)
  An adder zombie (D:9)
  3 worms
  26 orcs
  7 bats
  2 giant cockroaches (D:5)
  9 goblins
  7 hobgoblins
  5 kobolds
  3 quokkas
  A ball python (D:3)
  8 giant geckos
  4 giant newts
  14 jackals
  A jackal skeleton (D:4)
  12 rats
254 creatures vanquished.

Vanquished Creatures (others)
  2 plants (D:7)
2 creatures vanquished.

Grand Total: 256 creatures vanquished

Notes
Turn   | Place    | Note
--------------------------------------------------------------
     0 | D:1      | ASUHDUDE the Minotaur Berserker began the quest for the Orb.
     0 | D:1      | Reached XP level 1. HP: 19/19 MP: 0/0
   101 | D:1      | Reached skill level 4 in Long Blades
   120 | D:1      | Reached XP level 2. HP: 14/27 MP: 1/1
   510 | D:2      | Found a shimmering altar of Xom.
   515 | D:2      | Reached ** piety under Trog
   853 | D:2      | Reached XP level 3. HP: 30/33 MP: 2/2
  1396 | D:3      | Found a radiant altar of Vehumet.
  1438 | D:3      | Noticed Jessica
  1452 | D:3      | Killed Jessica
  1452 | D:3      | Reached XP level 4. HP: 15/41 MP: 3/3
  1473 | D:3      | Reached skill level 5 in Long Blades
  1572 | D:3      | Found a sacrificial altar of Ru.
  1606 | D:3      | Reached *** piety under Trog
  1794 | D:4      | Noticed a phantom
  1801 | D:4      | Noticed Duvessa
  1805 | D:4      | Reached XP level 5. HP: 38/47 MP: 4/4
  1809 | D:4      | Reached skill level 1 in Stealth
  1810 | D:4      | Noticed Dowan
  1818 | D:4      | Killed Duvessa
  1818 | D:4      | Reached skill level 1 in Axes
  1818 | D:4      | Reached XP level 6. HP: 23/53 MP: 5/5
  1820 | D:4      | Killed Dowan
  1820 | D:4      | Reached skill level 5 in Fighting
  1831 | D:4      | Killed a phantom
  1831 | D:4      | Reached skill level 5 in Dodging
  1878 | D:4      | Noticed a phantom
  1932 | D:4      | Killed a phantom
  2010 | D:4      | Reached XP level 7. HP: 40/61 MP: 6/6
  2200 | D:4      | Noticed an ogre
  2208 | D:4      | Killed an ogre
  2301 | D:4      | Reached skill level 6 in Fighting
  2585 | D:5      | Entered Level 5 of the Dungeon
  2585 | D:5      | Found Huchac's Jewellery Shop.
  2732 | D:5      | Found a glowing drain.
  2811 | D:5      | Reached XP level 8. HP: 70/70 MP: 7/7
  2855 | D:5      | Reached skill level 5 in Axes
  3040 | D:5      | Found a bloodstained altar of Trog.
  3084 | D:5      | Reached **** piety under Trog
  3138 | D:5      | Noticed Crazy Yiuf
  3143 | D:5      | Killed Crazy Yiuf
  3489 | D:6      | Found a glowing silver altar of Zin.
  3637 | D:6      | Found a staircase to the Ecumenical Temple.
  3893 | D:6      | Reached skill level 7 in Fighting
  4175 | D:7      | Reached skill level 5 in Armour
  4341 | D:7      | Found a glowing silver altar of Zin.
  4556 | D:7      | Reached XP level 9. HP: 18/81 MP: 8/8
  4867 | D:7      | Reached skill level 8 in Fighting
  5216 | D:8      | Got a creamy pearl robe
  5314 | D:8      | Found a sacrificial altar of Ru.
  5324 | D:8      | Found a basalt altar of Yredelemnul.
  5568 | D:8      | Found a shadowy altar of Dithmenos.
  5924 | D:9      | Found a staircase to the Lair.
  6007 | D:9      | Reached ***** piety under Trog
  6085 | D:9      | Noticed Maurice
  6122 | D:9      | Killed Maurice
  6122 | D:9      | Reached skill level 9 in Fighting
  6167 | D:9      | Noticed a cyclops
  6181 | D:9      | Killed a cyclops
  6181 | D:9      | Reached XP level 10. HP: 15/91 MP: 9/9
  6487 | D:9      | Got a smoking dagger
  6719 | D:10     | Entered Level 10 of the Dungeon
  6765 | D:10     | Noticed an ogre mage
  6783 | D:10     | Killed an ogre mage
  6784 | D:10     | Reached skill level 10 in Fighting
  6798 | D:10     | Reached skill level 10 in Axes
  6898 | D:10     | Found a staircase to the Orcish Mines.
  7070 | D:10     | Reached skill level 10 in Armour
  7498 | D:11     | Noticed a hill giant
  7506 | D:11     | Killed a hill giant
  7506 | D:11     | Reached XP level 11. HP: 101/101 MP: 10/10
  7618 | D:11     | Received a gift from Trog
  7635 | D:11     | Got an iridescent executioner's axe {god gift}
  7658 | D:11     | Identified the +7 executioner's axe of the Middle {flame, rN+} (Trog gifted it to you on level 11 of the Dungeon)
  7677 | D:11     | Found Dyenoum's Distillery.
  7678 | D:11     | Noticed a cyclops
  7684 | D:11     | Killed a cyclops
  7684 | D:11     | Reached skill level 11 in Axes
  7693 | D:11     | Bought a potion of curing for 42 gold pieces
  7693 | D:11     | Bought a potion of curing for 42 gold pieces
  7693 | D:11     | Bought a potion of curing for 42 gold pieces
  7693 | D:11     | Bought a potion of mutation for 35 gold pieces
  8086 | D:11     | Noticed Nergalle
  8114 | D:11     | Killed Nergalle
  8453 | D:12     | HP: 1/102 [cyclops/large rock (32)]
  8455 | D:12     | Hit by a large rock thrown by a cyclops

Action                   |  1- 3 |  4- 6 |  7- 9 | 10-12 || total
-------------------------+-------+-------+-------+-------++-------
Melee: Falchion          |    77 |    15 |       |       ||    92
       War axe           |       |    46 |   317 |   121 ||   484
       Executioner's axe |       |       |       |    46 ||    46
Invok: Berserk           |       |       |       |     1 ||     1
  Use: Scroll            |     2 |     5 |     8 |     5 ||    20
       Potion            |     1 |     3 |     2 |     3 ||     9
  Eat: Bread ration      |       |     2 |     2 |       ||     4
       Pizza             |       |     1 |       |       ||     1
       Beef jerky        |       |       |     1 |       ||     1
       Fruit             |       |       |       |    11 ||    11
       Meat ration       |       |       |       |     1 ||     1
